 Dungeon Crawl Stone Soup version 0.30-a0-364-gf6b3ef1049 (webtiles) character file.

Game seed: 8302820734186209200

91 mopl the Magician (level 4, -2/27 HPs)
             Began as an Octopode Hedge Wizard on Nov 14, 2022.
             Slain by a goblin
             ... wielding a +0 dagger
             ... led by Robin
              (3 damage)
             ... on level 2 of the Dungeon.
             The game lasted 00:02:36 (1490 turns).

mopl the Magician (Octopode Hedge Wizard)           Turns: 1490, Time: 00:02:37

Health: -2/27      AC:  1    Str: 14    XL:     4   Next: 57%
Magic:  9/9        EV: 12    Int: 20    God:
Gold:   108        SH:  0    Dex:  7    Spells: 4/10 levels left

rFire   . . .      SeeInvis .    k - +8 whip "Pep Ets" {pain, Str+5 Int+2 Dex-2}
rCold   . . .      Faith    .    (no shield)
rNeg    . . .      Spirit   .    b - +0 hat
rPois   .          Reflect  .    (no amulet)
rElec   .          Harm     .    (no ring)
rCorr   .          Rampage  .    (no ring)
Will    .....                    (no ring)
Stlth   +++.......               (no ring)
HPRegen 1.04/turn                (no ring)
MPRegen 0.11/turn                (no ring)
                                 (no ring)
                                 (no ring)

@: lethally poisoned (-2 -> -2)
A: almost no armour, amphibious, 8 rings, camouflage 1, gelatinous body 1,
(nimble swimmer 1), tentacles, clumsy 1, regeneration 1, devolution 1
a: no special abilities


You were on level 2 of the Dungeon.
You visited 1 branch of the dungeon, and saw 2 of its levels.

You collected 108 gold pieces.

Inventory:

Hand Weapons
 a - a +0 dagger
 k - the +8 whip "Pep Ets" (weapon) {pain, Str+5 Int+2 Dex-2}
   (You found it on level 2 of the Dungeon)

   In the hands of one skilled in necromantic magic, it inflicts extra damage on
   living creatures.
   Str:       It affects your strength (+5).
   Int:       It affects your intelligence (+2).
   Dex:       It affects your dexterity (-2).
Armour
 b - a +0 hat (worn)
Jewellery
 i - a ring of flight
Scrolls
 d - 2 scrolls of identify {unknown}
 e - a scroll of enchant armour {unknown}
 j - 2 scrolls of magic mapping {unknown}
Potions
 c - a potion of magic
 f - a potion of mutation {!q}
 g - 2 potions of resistance {unknown}
 h - a potion of might {unknown}


   Skills:
 - Level 2.0 Dodging
 - Level 2.6 Stealth
 * Level 3.8 Spellcasting
 * Level 2.8 Conjurations
 - Level 1.0 Summonings
 + Level 1.7 Translocations
 + Level 0.2 Air Magic
 + Level 0.1 Poison Magic


You had 4 spell levels left.
You knew the following spells:

 Your Spells              Type           Power      Damage    Failure   Level
a - Magic Dart            Conj           60%        1d6       4%          1
c - Mephitic Cloud        Conj/Pois/Air  8%         N/A       26%         3
e - Blink                 Tloc           20%        N/A       10%         2

Your spell library contained the following spells:

 Spells                   Type           Power      Damage    Failure   Level
 Slow                     Hex            12%        N/A       13%         1
 Call Imp                 Summ           7%         N/A       13%         2
 Cigotuvi's Dreadful Rot  Necr/Pois/Air  8%         N/A       19%         2


Dungeon Overview and Level Annotations

Branches:
Dungeon (2/15)

Altars:

Annotations:
D:2 1 runed translucent door, Crazy Yiuf, Robin


Innate Abilities, Weirdness & Mutations

You cannot wear most types of armour.
You are amphibious.
You can wear up to eight rings at the same time.
Your skin changes colour to match your surroundings (Stealth+).
Your rubbery body absorbs attacks. (AC +1, EV +1)
((You are camouflaged when in or above water. (Stealth+)))
You have tentacles for arms and can constrict up to eight enemies at once.
You are clumsy. (Dex -2)
Your natural rate of healing is unusually fast.
You have hidden genetic defects.


Message History

The quokka barely misses you.
You whack the quokka!
You kill the quokka!
No target in view!
Found a club.
The goblin shouts!
The goblin shoots a sling bullet.
The sling bullet closely misses you.
The goblin shouts!
You hear a shout! x2; The goblin shouts!
The goblin shoots a sling bullet.
The sling bullet hits you. The goblin closely misses you.
You closely miss the goblin. Your grab misses the goblin.
You squeeze the goblin.
You kill the goblin!
Unknown command.
The goblin attacks as you move away! The goblin hits you but does no damage.
You are poisoned.
You feel very sick. Robin hits you with a +0 short sword.
Things that are here:
a +2 dagger of draining; a goblin corpse Robin attacks as you move away!
Robin hits you with a +0 short sword.
You feel sick.
You feel sick.
Robin roars a battlecry!
The goblins go into a battle-frenzy!
You feel sick. Robin throws the goblin at you!
You barely miss the goblin. You grab the goblin. You constrict the goblin.
You feel sick. Robin throws the goblin at you!
* * * LOW HITPOINT WARNING * * *
The goblin hits you with a +0 dagger.
* * * LOW HITPOINT WARNING * * *
The goblin unwields a +0 sling.
The goblin wields a +0 dagger.
The goblin hits you with a +0 dagger.
* * * LOW HITPOINT WARNING * * *
It was a potion of mutation.
You feel extremely strange.
You feel a hidden malignance growing inside you.
You feel clumsy.
You begin to heal more quickly.
You constrict the goblin.
You feel sick. The goblin barely misses you.
The goblin hits you with a +0 dagger.
You die...

#.#...#####.#.#.# #.#.#
#.#...........#.# #.#.#
#.......g.....#.#####.#.###
#.#...÷g...................
#.#.##.####g......##....##.
#.........)..........<.....
###.##.#.###g.........)##....
#......#.###..#........# ###
###.####...g@g#....##..# #.#
#.###g##....<...# #.#
#......<....)...# #.#
#.###.##........###### #.#
#.....................
#.####.............#.######
#.......##.####....#.#
#######.##.# #....#.# #.##.#
#....#.####


You could see Robin and 4 goblins.

Vanquished Creatures
  A gnoll (D:1)
  2 adders (D:2)
  2 dart slugs
  9 ball pythons
  2 endoplasms (D:1)
  3 giant cockroaches
  12 goblins
  2 hobgoblins
  5 jackals
  4 kobolds
  3 quokkas
  2 bats
  2 frilled lizards (D:2)
  5 rats
54 creatures vanquished.

Notes
Turn   | Place    | Note
-------+----------+-------------------------------------------
     0 | D:1      | mopl the Octopode Hedge Wizard began the quest for the Orb.
     0 | D:1      | Reached XP level 1. HP: 11/11 MP: 4/4
   214 | D:1      | Reached XP level 2. HP: 17/17 MP: 6/6
   284 | D:1      | Learned a level 2 spell: Blink
   505 | D:2      | Reached skill level 2 in Conjurations
   505 | D:2      | Reached XP level 3. HP: 16/21 MP: 1/7
   999 | D:2      | Reached XP level 4. HP: 22/27 MP: 6/9
  1020 | D:2      | Identified the +8 whip "Pep Ets" {pain, Str+5 Int+2 Dex-2}
  1040 | D:2      | Noticed Robin
  1122 | D:2      | Learned a level 3 spell: Mephitic Cloud
  1237 | D:2      | Found a faded altar of an unknown god.
  1378 | D:2      | Found a runed translucent door.
  1379 | D:2      | Noticed Crazy Yiuf
  1489 | D:2      | HP: 1/27 [goblin/+0 dagger[Robin] (4)]
  1490 | D:2      | Gained mutation: You have hidden genetic defects. [potion
                  | of mutation]
  1490 | D:2      | Gained mutation: You are clumsy. (Dex -2) [potion of
                  | mutation]
  1490 | D:2      | Gained mutation: Your natural rate of healing is unusually
                  | fast. [potion of mutation]
  1490 | D:2      | Slain by a goblin

Illustrated notes

Levels and vault maps discovered:
D:1:      evilmike_arrival_plus, layout_basic
D:2:      layout_basic, ebering_ecumenical_altar_box, uniq_crazy_yiuf_cottage,
          uniq_robin

Skill      XL: |  1  2 |
---------------+-------+-----
Conjurations   | 2 |  2.8
Dodging        | |  2.0
Stealth        | |  2.6
Spellcasting   | |  3.8
Summonings     | |  1.0
Translocations | |  1.7
Air Magic      | |  0.2
Poison Magic   | |  0.1

Action                   |  1- 3 |  4- 6 || total
-------------------------+-------+-------++-------
Melee: Dagger            |    54 |       ||    54
       Constrict         |    13 |     6 ||    19
       Tentacles         |    10 |     8 ||    18
       Whip              |       |    35 ||    35
 Cast: Magic Dart        |    21 |     3 ||    24
       Blink             |     1 |       ||     1
  Use: Potion            |       |     1 ||     1
 Stab: Sleeping          |     9 |     3 ||    12
Armor: Skin              |     3 |     5 ||     8
Dodge: Dodged            |    32 |    24 ||    56

Table legend: (Time is in decaauts)
 A = Elapsed time spent in this place.
 B = Non-inter-level travel time spent in this place.
 C = Inter-level travel time spent in this place.
 D = Time resting spent in this place.
 E = Time spent auto-exploring this place.
 F = Levels seen in this place.
 G = Mean time per level.
                   A        B        C        D        E       F      G
               +--------+--------+--------+--------+--------+-----+--------+
         Total |   1493 |   1428 |     65 |    169 |    912 |   2 |  746.5 |
       Dungeon |   1493 |   1428 |     65 |    169 |    912 |   2 |  746.5 |
               +--------+--------+--------+--------+--------+-----+--------+

Top non-repeatable levels by time:
     D:1: 834 daAuts
     D:2: 659 daAuts
